 Dungeon Crawl Stone Soup version 0.30-a0-802-gb92711bcdf (webtiles) character file.

Game seed: 2497316061432194004

612352 cforsyth the Intangible (level 27, -4/179 HPs)
             Began as a Kobold Brigand on Feb 23, 2023.
             Was the Champion of Hepliaklqana.
             Killed from afar by a golden dragon (16 damage)
             ... with a bolt of cold
             ... on level 1 of the Realm of Zot on Feb 24, 2023.
             The game lasted 02:46:16 (73689 turns).

cforsyth the Intangible (Kobold Brigand)           Turns: 73689, Time: 02:46:16

Health: -4/179     AC: 19    Str:  7    XL:     27
Magic:  23/23      EV: 45    Int: 17    God:    Hepliaklqana [******]
Gold:   1359       SH: 24    Dex: 33    Spells: 26/26 levels left

rFire   + + +      SeeInvis +    a - +9 rapier (speed)
rCold   + + .      Faith    .    o - +0 kite shield {reflect}
rNeg    + + .      Spirit   .    w - +1 ring mail of Proximity {Regen+ Str-5 Dex+6 Slay+2}
rPois   .          Reflect  +    j - +2 helmet {Int+3}
rElec   +          Harm     .    c - +2 cloak {Stlth+}
rCorr   +          Rampage  .    Q - +3 pair of gauntlets of War {Slay+5}
Will    +++++                    n - +2 pair of boots {Fly} Stlth **++++++++
                                 W - amulet "Anyretiwn" {Reflect rElec rC++ rN++ SH+5}
HPRegen 1.29/turn                M - +4 ring of slaying
MPRegen 0.18/turn                H - ring "Mapheps" {rF+++ Will++ rCorr Str+2 Slay+2}

@: lethally poisoned (-4 -> -23), flying, studying Polearms
A: reduced essence, small, no large weapons, nightstalker 3, hooves 1, see
invisible, strong-willed 1, sturdy frame 1
}: 3/15 runes: barnacled, silver, gossamer
a: Renounce Religion, Recall Ancestor, Ancestor Identity, Transference, Idealise


You were on level 1 of the Realm of Zot.
You worshipped Hepliaklqana.
Hepliaklqana was exalted by your worship.
You visited 13 branches of the dungeon, and saw 50 of its levels.
You visited the Abyss 2 times.
You also visited: Sewer, Ossuary, Gauntlet and Desolation.

You collected 8950 gold pieces.
You spent 7591 gold pieces at shops.

Inventory:

Hand Weapons
 a - a +9 rapier of speed (weapon)
 b - the +8 falchion of Bitegoal {speed, rPois rF+ rC- Will+}
   (You bought it in a shop on level 10 of the Dungeon)

   rF:        It protects you from fire.
   rC:        It makes you vulnerable to cold.
   rPois:     It protects you from poison.
   Will:      It increases your willpower.
Missiles
 d - 65 poisoned darts (quivered)
 r - 6 datura-tipped darts
Armour
 c - a +2 cloak of stealth (worn)
 j - a +2 helmet of intelligence (worn)
 n - a +2 pair of boots of flying (worn)
 o - a +0 kite shield of reflection (worn)
 w - the +1 ring mail of Proximity (worn) {Regen+ Str-5 Dex+6 Slay+2}
   (You took it off a deep elf master archer on level 3 of the Elven Halls)

   Str:       It affects your strength (-5).
   Dex:       It affects your dexterity (+6).
   Slay:      It affects your accuracy & damage with ranged weapons and melee
   (+2).
   Regen:     It increases your rate of health regeneration.
 Q - the +3 pair of gauntlets of War (worn) {Slay+5}
   (You bought it in a shop on level 8 of the Dungeon)

   Slay:      It affects your accuracy & damage with ranged weapons and melee
   (+5).
Jewellery
 e - the amulet "Vuruh" {Reflect Regen+ Dex+5 SH+5}
   (You took it off a purple draconian on level 4 of the Depths)

   [amulet of reflection]

   It reflects blocked missile attacks.
   Dex:       It affects your dexterity (+5).
   Regen:     It increases your rate of health regeneration.
   SH:        It affects your SH (+5).
 H - the ring "Mapheps" (right hand) {rF+++ Will++ rCorr Str+2 Slay+2}
   (You bought it in a shop on level 3 of the Depths)

   [ring of resist corrosion]

   Str:       It affects your strength (+2).
   Slay:      It affects your accuracy & damage with ranged weapons and melee
   (+2).
   rF:        It renders you almost immune to fire.
   rCorr:     It protects you from acid and corrosion.
   Will:      It greatly increases your willpower.
 M - a +4 ring of slaying (left hand)
 U - the ring of the Open Hand {Fly rN+ rCorr Int+5}
   (You found it in the Desolation of Salt)

   [ring of positive energy]

   Int:       It affects your intelligence (+5).
   rN:        It protects you from negative energy.
   Fly:       It grants you flight.
   rCorr:     It protects you from acid and corrosion.
 W - the amulet "Anyretiwn" (around neck) {Reflect rElec rC++ rN++ SH+5}
   (You found it in the Desolation of Salt)

   [amulet of reflection]

   It reflects blocked missile attacks.
   rC:        It greatly protects you from cold.
   rElec:     It insulates you from electricity.
   rN:        It greatly protects you from negative energy.
   SH:        It affects your SH (+5).
Wands
 f - a wand of charming (48)
 l - a wand of polymorph (26)
 B - a wand of iceblast (27)
 O - a wand of quicksilver (13)
 P - a wand of digging (7)
Scrolls
 h - 15 scrolls of vulnerability
 k - a scroll of brand weapon
 x - 5 scrolls of torment
 y - 9 scrolls of teleportation
 z - 8 scrolls of fear
 A - 5 scrolls of magic mapping
 C - 12 scrolls of enchant armour
 D - 3 scrolls of silence
 E - 8 scrolls of blinking
 G - 8 scrolls of fog
 L - 3 scrolls of butterflies
 V - 4 scrolls of amnesia
Potions
 g - 12 potions of haste
 i - 14 potions of attraction
 m - 4 potions of resistance
 p - 11 potions of flight
 s - 3 potions of berserk rage
 t - 16 potions of curing
 u - 7 potions of mutation
 v - 6 potions of heal wounds
 F - 8 potions of ambrosia
 J - 7 potions of might
 R - 5 potions of invisibility
 S - 5 potions of brilliance
 T - 2 potions of cancellation
 Y - 8 potions of lignification


   Skills:
 O Level 27 Fighting
 O Level 27 Short Blades
 - Level 2.1 Throwing
 O Level 27 Dodging
 O Level 27 Stealth
 + Level 19.9 Shields


You had 26 spell levels left.
You didn't know any spells.
Your spell library contained the following spells:

 Spells                   Type           Power      Damage    Failure   Level
 Beastly Appendage        Tmut           0%         N/A       58%         1
 Foxfire                  Conj/Fire      0%         2x1d4     58%         1
 Kiss of Death            Conj/Necr      0%         2d5       58%         1
 Magic Dart               Conj           0%         1d3       58%         1
 Necrotise                Necr           0%         1d4       58%         1
 Shock                    Conj/Air       0%         1d3       58%         1
 Blink                    Tloc           0%         N/A       73%         2
 Call Imp                 Summ           0%         N/A       73%         2
 Ensorcelled Hibernation  Hex/Ice        0%         N/A       73%         2
 Lesser Beckoning         Tloc           0%         N/A       73%         2
 Momentum Strike          Conj/Tloc      0%         3d8       73%         2
 Passwall                 Tmut/Erth      0%         N/A       73%         2
 Poisonous Vapours        Pois/Air       0%         N/A       73%         2
 Scorch                   Fire           0%         2d5       73%         2
 Sublimation of Blood     Necr           0%         N/A       73%         2
 Wereblood                Tmut           0%         N/A       73%         2
 Call Canine Familiar     Summ           0%         N/A       91%         3
 Confusing Touch          Hex            0%         N/A       91%         3
 Dazzling Flash           Conj/Hex       0%         N/A       91%         3
 Frozen Ramparts          Ice            0%         1d1       91%         3
 Gell's Gravitas          Tloc           0%         N/A       91%         3
 Hailstorm                Conj/Ice       0%         3d3       91%         3
 Ignite Poison            Fire/Tmut/Pois 0%         N/A       91%         3
 Mephitic Cloud           Conj/Pois/Air  0%         N/A       91%         3
 Portal Projectile        Hex/Tloc       0%         N/A       91%         3
 Spider Form              Tmut/Pois      0%         N/A       91%         3
 Stone Arrow              Conj/Erth      0%         3d7       91%         3
 Swiftness                Air            0%         N/A       91%         3
 Teleport Other           Tloc           0%         N/A       91%         3
 Vampiric Draining        Necr           0%         2d6       91%         3
 Vhi's Electric Charge    Tloc/Air       0%         N/A       91%         3
 Airstrike                Air            0%         2d(0-16)  100%        4
 Anguish                  Hex/Necr       0%         N/A       100%        4
 Animate Armour           Summ/Erth      0%         N/A       100%        4
 Animate Dead             Necr           0%         N/A       100%        4
 Dispel Undead            Necr           0%         3d6       100%        4
 Flame Wave               Conj/Fire      0%         2d4       100%        4
 Ice Form                 Ice/Tmut       0%         N/A       100%        4
 Leda's Liquefaction      Hex/Erth       0%         N/A       100%        4
 Manifold Assault         Tloc           0%         N/A       100%        4
 Olgreb's Toxic Radiance  Pois           0%         N/A       100%        4
 Petrify                  Tmut/Erth      0%         N/A       100%        4
 Sticky Flame             Conj/Fire      0%         2d3       100%        4
 Summon Ice Beast         Ice/Summ       0%         N/A       100%        4
 Agony                    Necr           0%         N/A       100%        5
 Alistair's Intoxication  Tmut/Pois      0%         N/A       100%        5
 Arcjolt                  Conj/Air       0%         1d10      100%        5
 Blade Hands              Tmut           0%         N/A       100%        5
 Borgnjor's Vile Clutch   Necr/Erth      0%         N/A       100%        5
 Fireball                 Conj/Fire      0%         3d3       100%        5
 Iskenderun's Battlesphe  Conj           0%         2d6       100%        5
 Lee's Rapid Deconstruct  Erth           0%         3d4*      100%        5
 Lightning Bolt           Conj/Air       0%         1d11      100%        5
 Metabolic Englaciation   Hex/Ice        0%         N/A       100%        5
 Silence                  Hex/Air        0%         N/A       100%        5
 Conjure Ball Lightning   Conj/Air       0%         3x3d6     100%        6
 Death Channel            Necr           0%         N/A       100%        6
 Dispersal                Tloc           0%         N/A       100%        6
 Eringya's Noxious Bog    Tmut/Pois      0%         N/A       100%        6
 Iron Shot                Conj/Erth      0%         9d1       100%        6
 Simulacrum               Ice/Necr       0%         N/A       100%        6
 Starburst                Conj/Fire      0%         6d3       100%        6
 Statue Form              Tmut/Erth      0%         N/A       100%        6
 Summon Cactus Giant      Summ           0%         N/A       100%        6
 Orb of Destruction       Conj           0%         9d5       100%        7
 Ozocubu's Refrigeration  Ice            0%         4d7       100%        7
 Borgnjor's Revivificati  Necr           0%         N/A       100%        8
 Discord                  Hex            0%         N/A       100%        8
 Disjunction              Tloc           0%         N/A       100%        8
 Ignition                 Fire           0%         3d3       100%        8
 Lehudib's Crystal Spear  Conj/Erth      0%         10d2      100%        8
 Necromutation            Tmut/Necr      0%         N/A       100%        8
 Death's Door             Necr           0%         N/A       100%        9
 Fire Storm               Conj/Fire      0%         5d1       100%        9


Dungeon Overview and Level Annotations

Branches:
Dungeon (15/15)            Temple (1/1) D:5            Lair (5/5) D:10
 Shoals (4/4) Lair:2       Spider (4/4) Lair:3        Slime (0/5) Lair:4
    Orc (2/2) D:12            Elf (3/3) Orc:2        Vaults (5/5) D:13
  Crypt (3/3) Vaults:3       Tomb (1/3) Crypt:3      Depths (4/4) D:15
   Hell (visited)             Dis (0/7) Hell            Geh (0/7) Hell
    Coc (0/7) Hell            Tar (0/7) Hell            Zot (2/5) Depths:4
  Sewer (visited)         Ossuary (visited)         Desolation (visited)
Gauntlet (visited)

Altars:
Ashenzari
Cheibriados
Dithmenos
Elyvilon
Fedhas
Gozag
Hepliaklqana
Kikubaaqudgha
Makhleb
Nemelex Xobeh
Okawaru
Qazlal
Ru
Sif Muna
Trog
Uskayaw
Vehumet
Wu Jian
Xom
Yredelemnul
Zin
The Shining One
Jiyva

Shops:
D:8 [   D:10 (   D:13 =   D:14 =   Orc:1 ?   Orc:2 (([*   Elf:1 [   Elf:3 **
Shoals:1 :   Shoals:3 :   Vaults:3 [   Depths:3 *

Portals:
Hell: Depths:1 Depths:2 Depths:3 Depths:4
Abyss: Depths:2 Depths:3
Pandemonium: Depths:2
Ziggurat: Depths:1
Trove: Elf:3 (give 18 potions of curing)

Annotations:
Spider:4 Arachne


Innate Abilities, Weirdness & Mutations

Your life essence is reduced to manifest your ancestor. (-10% HP)
You are small and have problems with some larger weapons.
You are completely attuned to the shadows.
You have large cloven feet.
You have supernaturally acute eyesight. (SInv)
You are strong-willed. (Will+)
Your movements are slightly less encumbered by armour. (ER -2)


Message History

Unknown command.
You catch the helpless black draconian completely off-guard!
You perforate the black draconian like a sieve!!!!
You kill the black draconian!
* * * LOW HITPOINT WARNING * * *
You feel very sick.
Synnove casts a spell.
Synnove seems to speed up.
You puncture the golden dragon!
The golden dragon is lightly wounded.
* * * LOW HITPOINT WARNING * * *
You feel very sick.
Unknown command.
You impale the golden dragon!!
The golden dragon is moderately wounded.
* * * LOW HITPOINT WARNING * * *
You feel very sick.
Synnove hits the golden dragon with a +0 antimagic quick blade!
The golden dragon completely misses you.
You block the golden dragon's attack.
The golden dragon tramples you but does no damage.
You barely miss the golden dragon.
The golden dragon is heavily wounded.
* * * LOW HITPOINT WARNING * * *
You feel very sick.
Synnove hits the golden dragon with a +0 antimagic quick blade!
Unknown command.
You hit the golden dragon but do no damage.
The golden dragon is heavily wounded.
* * * LOW HITPOINT WARNING * * *
You feel very sick.
Synnove hits the golden dragon but does no damage.
You impale the golden dragon!!
The golden dragon is severely wounded.
* * * LOW HITPOINT WARNING * * *
You feel very sick.
Synnove hits the golden dragon with a +0 antimagic quick blade!
The golden dragon breathes cold at you. The bolt of cold hits you! You resist.
You die...

.....# ......# ......############
......#..........#
.....)@..........#
....RD#.....[....####
......#..........#..
.°....#.#####'####.####
......###..##.####....
########....##......###
###########.....#..^^..#####..#..
................##....##...R....>
###########.....###?.########.#..


You could see the friendly Synnove the hexer (fast) and a golden dragon
(catching breath, ally target).

Vanquished Creatures
  An ancient lich (Vaults:4)
  Mennas (Depths:4)
  2 juggernauts
  Frederick (Crypt:2)
  Bai Suzhen (Vaults:4)
  A caustic shrike (Depths:2)
  3 golden dragons
  Geryon (Hell)
  Nikola (Elf:3)
  2 electric golems
  2 doom hounds (Hell)
  Zenata (Vaults:1)
  10 tentacled monstrosities
  A shard shrike skeleton (Hell)
  6 quicksilver dragons
  5 liches
  2 deep elf blademasters (Elf:3)
  4 deep elf master archers (Elf:3)
  5 ancient champions
  3 titans
  Polyphemus (Shoals:2)
  8 sphinxes
  Agnes (Elf:1)
  A tentacled starspawn (Abyss:2)
  11 shadow dragons
  3 death cobs
  8 storm dragons
  7 tengu reavers
  Kirke (D:13)
  4 draconian monks
  Donald (Vaults:2)
  13 frost giants
  A draconian knight (Zot:1)
  2 emperor scorpions
  Aizul (Spider:3)
  4 draconian scorchers
  16 vault wardens
  12 fire giants
  8 deep elf sorcerers
  3 ghost moths
  3 draconian shifters
  3 draconian stormcallers
  A caustic shrike zombie (Hell)
  2 curse skulls
  3 imperial myrmidons (Desolation)
  4 orc warlords
  3 balrugs
  5 draconian annihilators
  2 war gargoyles
  10 ghouls
  A broodmother (Spider:4)
  7 reapers
  20 ironbound preservers
  6 ironbound thunderhulks
  12 stone giants
  30 very ugly things
  2 spriggan defenders (Depths:2)
  12 green draconians
  29 vampire knights
  Nessos (D:15)
  7 deep elf demonologists
  3 yellow draconians (Zot:1)
  9 white draconians
  7 black draconians
  10 deep elf annihilators
  2 halazid warlocks (Desolation)
  The ghost of niangp the Severer, a journeyman MiBe of Trog (D:14)
  10 red draconians
  18 dire elephants
  15 purple draconians
  9 spark wasps
  A minotaur (Gauntlet)
  2 eidola
  A blizzard demon (Hell)
  10 deep elf death magi
  19 ettins
  2 mummy priests (Tomb:1)
  19 jiangshi
  9 entropy weavers
  8 merfolk impalers
  7 deep elf high priests
  7 merfolk javelineers
  4 fire dragons
  A quicksilver dragon zombie (Crypt:3)
  4 ragged hierophants (Desolation)
  3 crystal guardians
  19 yaktaur captains
  A fenstrider witch zombie (Tomb:1)
  3 great orbs of eyes
  25 vault guards
  A spriggan zombie (Crypt:3)
  13 ice dragons
  2 hell beasts (Hell)
  An ogre mage (Vaults:5)
  2 servants of whispers (Desolation)
  2 rakshasas
  4 spriggan air magi
  2 peacekeepers
  13 ironbound frosthearts
  2 alligator snapping turtles (Shoals:4)
  5 merfolk avatars
  5 hydras
  A radroach (Spider:2)
  9 boulder beetles
  4 jorogumos (Spider:4)
  3 catoblepae
  4 death knights
  30 dancing weapons
  6 centaur warriors
  3 titan zombies
  11 merfolk aquamancers
  3 satyrs (Shoals:3)
  2 death yaks (Shoals:2)
  5 tengu warriors
  4 hell hogs (Hell)
  7 deep troll earth magi
  5 two-headed ogres
  13 vampire magi
  7 deep troll shamans
  7 spriggan berserkers
  5 thrashing horrors (Abyss:3)
  25 hell knights
  2 skysharks
  3 orc high priests (Orc:2)
  Amaemon (D:11)
  18 deep elf knights
  11 sun demons
  A salamander mystic (Depths:3)
  2 wretched stars (Abyss:3)
  A shadow wraith (Crypt:3)
  5 iron trolls
  2 soul eaters
  2 sixfirhies (Gauntlet)
  A storm dragon zombie (Hell)
  3 pharaoh ants
  A death drake (shapeshifter) (Depths:2)
  52 skeletal warriors
  Lodul (D:11)
  4 glowing orange brains
  16 sea snakes
  A sun moth (Spider:4)
  A golden dragon zombie (Crypt:2)
  43 deep trolls
  A bog body (Crypt:3)
  3 death drakes (Depths:4)
  An orb spider (shapeshifter) (D:15)
  An elf simulacrum (Hell)
  10 orb spiders
  12 wizards
  A spriggan simulacrum (Abyss:3)
  26 phantasmal warriors
  4 flayed ghosts
  An iron giant skeleton (Crypt:3)
  16 ironbound convokers
  11 lindwurms
  20 harpies
  26 deep elf zephyrmancers
  A lindwurm (shapeshifter) (Gauntlet)
  Pikel (D:7)
  15 deep elf archers
  An oklob plant (Lair:2)
  9 orc knights
  A salamander (Depths:3)
  7 steelbarb worms
  9 wolf spiders
  A harpy (shapeshifter) (D:14)
  11 necromancers
  3 orc sorcerers
  2 goliath frog skeletons
  35 deep elf pyromancers
  32 ugly things
  10 fauns
  An iron dragon skeleton (Crypt:1)
  12 large abominations
  8 cyclopes
  13 manticores
  10 merfolk sirens
  4 spectral centaurs (D:12)
  A cyclops (shapeshifter) (Gauntlet)
  A black mamba (shapeshifter) (Elf:2)
  Joseph (D:7)
  A worldbinder (Abyss:2)
  20 vault sentinels
  35 elephants
  A rust devil (Hell)
  5 moths of wrath
  An apocalypse crab (Abyss:3)
  3 centaur zombies
  An ice statue (Hell)
  2 black mambas
  7 smoke demons
  8 demonic crawlers
  7 guardian serpents (Desolation)
  A water nymph (Shoals:4)
  7 torpor snails
  An orange demon (D:11)
  A dire elephant zombie (Crypt:3)
  An eye of devastation (shapeshifter) (Gauntlet)
  5 centaur skeletons
  2 gargoyles (D:12)
  5 molten gargoyles
  3 kobold demonologists
  7 cane toads
  2 rime drakes
  2 efreet
  A red draconian zombie (Crypt:1)
  10 freezing wraiths
  14 komodo dragons
  43 yaktaurs
  An anaconda simulacrum (Hell)
  4 guardian mummies (Tomb:1)
  2 hydra zombies (Hell)
  A red devil (Hell)
  An ice devil (Gauntlet)
  2 tengu conjurers
  4 harpy zombies
  2 meliai (D:13)
  6 trolls
  4 polar bears
  9 wind drakes
  31 merfolk
  2 hornets (Depths:4)
  2 hydra skeletons (Hell)
  19 saltlings (Desolation)
  17 tarantellas
  2 blink frogs (Lair:5)
  A spectral meliai (D:12)
  Prince Ribbit (D:7)
  11 dream sheep
  A jumping spider zombie (Crypt:3)
  2 harpy skeletons (Hell)
  7 snapping turtles
  2 spectral black mambas (D:12)
  7 raiju
  A raiju (shapeshifter) (Vaults:5)
  3 air elementals
  17 jumping spiders
  25 flying skulls
  5 shadows
  A centaur simulacrum (D:14)
  A meliai zombie (D:12)
  Sigmund (D:5)
  A naga simulacrum (Tomb:1)
  11 slime creatures
  10 water elementals
  A culicivora (shapeshifter) (Gauntlet)
  12 culicivoras
  2 spriggans (Depths:4)
  7 wyverns
  4 vampires
  18 wraiths
  26 yaks
  An ushabti (Tomb:1)
  4 fire elementals
  A neqoxec (Abyss:3)
  61 redbacks
  6 starcursed masses
  4 steam dragons (Lair:5)
  2 hogs (D:13)
  A sea snake simulacrum (Hell)
  5 basilisks
  7 vampire mosquitoes
  A harpy simulacrum (Hell)
  2 hexers
  7 wargs
  A deep troll zombie (Crypt:2)
  An acid dragon (D:11)
  A swamp worm (shapeshifter) (D:11)
  3 naga skeletons
  2 entropy weaver zombies
  8 hell hounds
  10 water moccasins
  A faun skeleton (Crypt:2)
  2 floating eyes (Depths:2)
  23 orc warriors
  Pargi (Sewer)
  4 ice beasts
  3 black bears
  An elephant zombie (Crypt:3)
  3 boulder beetle simulacra (D:12)
  14 ogres
  3 boggarts (D:14)
  A tengu (shapeshifter) (Vaults:5)
  A centaur (D:5)
  A phantom (D:5)
  3 wolves
  A lemure (D:7)
  A swamp dragon skeleton (Crypt:2)
  A salamander zombie (Crypt:2)
  4 kobold brigands
  10 bullfrogs
  6 necrophages
  A gnoll sergeant (D:8)
  7 scorpions
  An elf skeleton (Crypt:1)
  A two-headed ogre simulacrum (Hell)
  3 water moccasin zombies (Ossuary)
  A yaktaur skeleton (Crypt:2)
  3 wights (D:9)
  2 polar bear zombies
  14 killer bees
  3 howler monkeys
  A wolf zombie (Crypt:1)
  4 electric eels
  5 small abominations
  2 iron imps
  8 jellies
  23 orc priests
  2 hounds (D:5)
  A bullfrog skeleton (Crypt:3)
  A gnoll bouda (D:6)
  12 iguanas
  Ijyb (D:5)
  29 orc wizards
  A hell rat (D:12)
  A killer bee zombie (Crypt:2)
  An ogre zombie (Crypt:2)
  An ice beast zombie (Crypt:3)
  8 mummies
  9 gnolls
  9 adders
  2 shadow imps
  6 white imps (Gauntlet)
  3 ufetubi
  2 adder zombies (Ossuary)
  A lava snake skeleton (Crypt:1)
  2 worms
  2 dart slugs
  58 orcs
  4 ball pythons
  9 bats
  5 endoplasms
  10 giant cockroaches
  A giant cockroach (shapeshifter) (Depths:1)
  3 gnoll zombies (Ossuary)
  12 goblins
  12 hobgoblins
  8 jackals
  29 kobolds
  4 quokkas
  19 frilled lizards
  10 hobgoblin zombies (Ossuary)
  4 kobold zombies
  7 orc zombies (Ossuary)
  A quokka skeleton (Crypt:3)
  9 rats
  2 tentacles (Hell)
2325 creatures vanquished.

Vanquished Creatures (collateral kills)
  An orb of fire (Zot:1)
  Margery (Vaults:3)
  A curse toe (Zot:2)
  2 golden dragons
  An electric golem (Zot:1)
  A tentacled monstrosity (Depths:3)
  Asterion (Vaults:2)
  3 sphinxes
  Roxanne (D:15)
  A deep elf sorcerer (Elf:3)
  A vault warden (Vaults:4)
  A balrug (Hell)
  A ghoul (Crypt:2)
  A very ugly thing (Depths:2)
  2 deep elf demonologists (Elf:3)
  A stone giant (Depths:1)
  A vampire knight (Crypt:3)
  3 deep elf annihilators (Elf:3)
  2 dire elephants
  An eidolon (Crypt:2)
  A blizzard demon (Hell)
  2 yaktaur captains
  A kraken zombie (Hell)
  3 vault guards
  A merfolk javelineer (Depths:2)
  A fire dragon (Depths:4)
  A great orb of eyes (Vaults:2)
  A deep elf high priest (Vaults:5)
  A catoblepas (Lair:5)
  An ice dragon (Depths:4)
  3 peacekeepers
  A rakshasa (Depths:2)
  An ogre mage (Vaults:5)
  2 hydras (D:14)
  A merfolk avatar (Shoals:3)
  2 dancing weapons
  A merfolk aquamancer (Shoals:4)
  2 vampire magi (Crypt:3)
  A deep troll earth mage (Depths:2)
  A soul eater (Vaults:3)
  A sun demon (Hell)
  A skyshark (Shoals:2)
  3 deep elf knights
  A wretched star (Abyss:3)
  4 skeletal warriors
  4 sea snakes
  A lindwurm (Vaults:1)
  A flayed ghost (Crypt:2)
  3 deep elf archers
  A glowing orange brain (Depths:2)
  2 orb spiders (Spider:3)
  7 deep trolls
  A wizard (Vaults:3)
  4 necromancers
  8 harpies
  An ironbound convoker (Vaults:1)
  4 deep elf pyromancers
  A phantasmal warrior (Crypt:3)
  4 deep elf zephyrmancers
  A steelbarb worm (Spider:4)
  A salamander (Depths:3)
  2 wolf spiders
  An ugly thing (Vaults:3)
  2 manticores
  4 fauns (Shoals:3)
  Maurice (D:9)
  5 elephants
  2 vault sentinels
  A centaur zombie (D:12)
  A spectral centaur (D:12)
  3 moths of wrath
  A water nymph (Shoals:4)
  2 demonic crawlers
  A black mamba (Lair:5)
  A cane toad (Lair:1)
  An ice statue (Hell)
  5 yaktaurs
  A tormentor (Abyss:3)
  A rime drake (Lair:1)
  3 komodo dragons
  A freezing wraith (Crypt:1)
  5 merfolk
  2 polar bears (Lair:5)
  An ancient zyme (Abyss:2)
  A meliai (D:13)
  A wind drake (Shoals:4)
  8 saltlings (Desolation)
  2 dream sheep
  2 tarantellas (Spider:1)
  A raiju (Abyss:2)
  A flying skull (D:12)
  A slime creature (Vaults:2)
  A jumping spider (Spider:1)
  An alligator skeleton (Hell)
  11 water elementals
  A vampire (D:12)
  4 yaks (Lair:1)
  2 wraiths
  2 vampire mosquitoes
  A basilisk (D:12)
  10 redbacks
  A steam dragon (Lair:5)
  2 water moccasins
  5 orc warriors
  3 wolves (Lair:1)
  An ogre (D:11)
  A small abomination (Abyss:3)
  A kobold brigand (D:8)
  An earth elemental (Elf:1)
  2 scorpions (Lair:3)
  A water moccasin skeleton (Crypt:3)
  2 killer bees
  9 orc priests
  A jelly (Lair:4)
  An iguana (Lair:3)
  10 orc wizards
  2 boggart skeletons
  A mummy (Tomb:1)
  A gnoll (D:8)
  An adder (D:4)
  A white imp (Abyss:2)
  12 orcs
  2 frilled lizards (Lair:3)
  A jackal skeleton (Crypt:2)
  4 kobolds
  A bush (Abyss:2)
  A tentacle (Hell)
274 creatures vanquished.

Vanquished Creatures (others)
  A ghost moth (Spider:4)
  An orc high priest (Orc:2)
  A necromancer (Depths:4)
  A deep elf zephyrmancer (Vaults:5)
  A faun (Shoals:2)
  A merfolk (Shoals:4)
  A human (D:13)
  An orc priest (Orc:1)
  38 hexers
  2 ancestors
  A bush (Lair:3)
  9 demonic plants (Abyss:2)
  17 fungi
  93 plants
  2 starspawn tentacles (Abyss:2)
  A tentacle (Hell)
171 creatures vanquished.

Grand Total: 2770 creatures vanquished

Notes
Turn   | Place    | Note
-------+----------+-------------------------------------------
     0 | D:1      | cforsyth the Kobold Brigand began the quest for the Orb.
     0 | D:1      | Reached XP level 1. HP: 12/12 MP: 1/1
    66 | D:1      | Reached XP level 2. HP: 14/18 MP: 2/2
   223 | D:1      | Reached XP level 3. HP: 11/22 MP: 3/3
   486 | D:1      | Found a faded altar of an unknown god.
   765 | D:2      | Reached XP level 4. HP: 26/27 MP: 4/4
  1758 | D:3      | Reached XP level 5. HP: 16/32 MP: 5/5
  1761 | D:3      | Found a glowing drain.
  1767 | Sewer    | Entered a sewer
  1957 | Sewer    | Noticed Pargi
  1959 | Sewer    | Killed Pargi
  1960 | Sewer    | Reached XP level 6. HP: 38/38 MP: 6/6
  2967 | D:4      | Gained mutation: You are agile. (Dex +4, Str/Int -1)
                  | [potion of mutation]
  2967 | D:4      | Gained mutation: You are partially covered in iridescent
                  | scales. (AC +2) [potion of mutation]
  2967 | D:4      | Gained mutation: You occasionally lose the ability to read
                  | scrolls when taking damage. [potion of mutation]
  2970 | D:4      | HP: 1/57 [frozen (3)]
  3320 | D:3      | Lost mutation: You are agile. (Dex +4, Str/Int -1) [potion
                  | of mutation]
  3320 | D:3      | Lost mutation: You are partially covered in iridescent
                  | scales. (AC +2) [potion of mutation]
  3320 | D:3      | Gained mutation: You are strong-willed. (Will+) [potion of
                  | mutation]
  3320 | D:3      | Gained mutation: Your spells are a little easier to cast,
                  | but a little less powerful. [potion of mutation]
  3322 | D:3      | Lost mutation: Your spells are a little easier to cast, but
                  | a little less powerful. [potion of mutation]
  3322 | D:3      | Lost mutation: You are strong-willed. (Will+) [potion of
                  | mutation]
  3322 | D:3      | Lost mutation: You occasionally lose the ability to read
                  | scrolls when taking damage. [potion of mutation]
  3322 | D:3      | Gained mutation: You are vulnerable to heat. (rF-) [potion
                  | of mutation]
  3322 | D:3      | Gained mutation: You have sharp toenails. [potion of
                  | mutation]
  3477 | D:4      | You fall into a shaft and drop 3 floors!
  3611 | D:6      | Reached skill level 5 in Short Blades
  3653 | D:5      | Entered Level 5 of the Dungeon
  3674 | D:5      | Noticed Ijyb
  3678 | D:5      | Killed Ijyb
  3679 | D:5      | Reached XP level 7. HP: 43/43 MP: 7/7
  3773 | D:5      | Found a staircase to the Ecumenical Temple.
  3781 | Temple   | Entered the Ecumenical Temple
  3956 | D:5      | Found a sand-covered staircase.
  3981 | Ossuary  | Entered an ossuary
  4316 | Ossuary  | Lost mutation: You are vulnerable to heat. (rF-) [potion of
                  | mutation]
  4316 | Ossuary  | Lost mutation: You have sharp toenails. [potion of
                  | mutation]
  4316 | Ossuary  | Gained mutation: Your movements are slightly less
                  | encumbered by armour. (ER -2) [potion of mutation]
  4316 | Ossuary  | Gained mutation: You have large cloven feet. [potion of
                  | mutation]
  4316 | Ossuary  | Gained mutation: You have supernaturally acute eyesight.
                  | (SInv) [potion of mutation]
  4316 | Ossuary  | Gained mutation: You are strong-willed. (Will+) [potion of
                  | mutation]
  4447 | D:5      | Reached skill level 5 in Fighting
  4447 | D:5      | Reached skill level 5 in Dodging
  4447 | D:5      | Reached XP level 8. HP: 49/49 MP: 8/8
  4474 | D:5      | Noticed Sigmund
  5608 | Temple   | Became a worshipper of Hepliaklqana the Forgotten
  6133 | D:5      | Killed Sigmund
  6190 | D:5      | Reached XP level 9. HP: 46/55 MP: 9/9
  6462 | D:5      | Found a large runed translucent door.
  6462 | D:5      | Found a large runed translucent door.
  6862 | D:5      | Found a shimmering altar of Xom.
  6872 | D:5      | Found a snail-covered altar of Cheibriados.
  7090 | D:4      | Reached * piety under Hepliaklqana
  8191 | D:7      | Noticed Joseph
  8194 | D:7      | Killed Joseph
  8195 | D:7      | Reached skill level 10 in Stealth
  8248 | D:7      | Noticed Pikel
  8301 | D:7      | Killed Pikel
  8340 | D:7      | Reached XP level 10. HP: 56/56 MP: 10/10
  8779 | D:7      | Noticed Prince Ribbit
  8783 | D:7      | Killed Prince Ribbit
  9058 | D:7      | Reached ** piety under Hepliaklqana
  9059 | D:7      | Remembered your ancestor Synnove as a hexer
  9455 | D:8      | Reached skill level 10 in Short Blades
  9814 | D:8      | Found Rirphirph's Armour Shoppe.
  9937 | D:8      | Noticed a two-headed ogre
  9941 | D:8      | Killed a two-headed ogre
  9942 | D:8      | Reached XP level 11. HP: 63/63 MP: 11/11
 10483 | D:9      | Noticed a two-headed ogre
 11091 | D:9      | Noticed Maurice
 11111 | D:9      | Killed Maurice
 11112 | D:9      | Reached skill level 10 in Dodging
 11121 | D:9      | Reached *** piety under Hepliaklqana
 11331 | D:9      | Killed a two-headed ogre
 11535 | D:10     | Entered Level 10 of the Dungeon
 11654 | D:10     | Noticed a two-headed ogre
 11658 | D:10     | Killed a two-headed ogre
 11807 | D:8      | Bought the +3 pair of gauntlets of War {Slay+5} for 522
                  | gold pieces
 11807 | D:8      | Found the +3 pair of gauntlets of War {Slay+5}
 11915 | D:10     | Reached skill level 10 in Fighting
 11978 | D:10     | Found a staircase to the Lair.
 12123 | D:10     | Found Tikhlow's Weapon Shoppe.
 12241 | D:10     | Noticed a two-headed ogre
 12248 | D:10     | Killed a two-headed ogre
 12432 | D:10     | Reached XP level 12. HP: 69/69 MP: 12/12
 12915 | D:11     | Noticed a boulder beetle
 12931 | D:11     | Killed a boulder beetle
 13049 | D:11     | Noticed Amaemon
 13061 | D:11     | Killed Amaemon
 13118 | D:11     | Noticed Lodul
 13137 | D:11     | Killed Lodul
 13264 | D:11     | Reached **** piety under Hepliaklqana
 13345 | D:11     | Noticed a boulder beetle
 13366 | D:11     | Killed a boulder beetle
 13636 | D:11     | Noticed a skeletal warrior
 13640 | D:11     | Killed a skeletal warrior
 13661 | D:11     | Reached skill level 15 in Stealth
 14089 | D:12     | Found a staircase to the Orcish Mines.
 14108 | D:12     | Reached XP level 13. HP: 58/75 MP: 13/13
 14921 | D:12     | Found an ancient bone altar of Kikubaaqudgha.
 15439 | D:13     | Identified the +7 war axe "Wesakloraz" {antimagic, rF+}
 15452 | D:13     | Noticed a five-headed hydra
 15457 | D:13     | Killed a five-headed hydra
 15531 | Lair:1   | Entered Level 1 of the Lair of Beasts
 15992 | Lair:1   | Reached skill level 15 in Short Blades
 16191 | Lair:1   | Reached ***** piety under Hepliaklqana
 16275 | Lair:1   | Reached XP level 14. HP: 82/82 MP: 14/14
 17368 | Lair:2   | Found a staircase to the Shoals.
 17377 | Lair:2   | Reached skill level 1 in Shields
 17610 | Lair:3   | Found a hole to the Spider Nest.
 17834 | Lair:3   | Identified the +0 leather armour of the Moon Troll {rElec
                  | rF+ Str+3}
 19331 | Lair:4   | Found a gate leading to a gauntlet.
 19336 | Gauntlet | Entered a Gauntlet
 19336 | Gauntlet | Found a transporter.
 19349 | Gauntlet | Found a transporter.
 19361 | Gauntlet | Found a transporter.
 19374 | Gauntlet | Found a transporter.
 19387 | Gauntlet | Found a transporter.
 19404 | Gauntlet | Found a transporter.
 19484 | Gauntlet | Found a transporter.
 19484 | Gauntlet | Found a transporter.
 19500 | Gauntlet | Found a transporter.
 19500 | Gauntlet | Found a transporter.
 19513 | Gauntlet | Found a transporter.
 19513 | Gauntlet | Found a transporter.
 19526 | Gauntlet | Found a transporter.
 19526 | Gauntlet | Found a transporter.
 19832 | Gauntlet | Reached skill level 15 in Dodging
 19954 | Gauntlet | Noticed a minotaur
 19961 | Gauntlet | Killed a minotaur
 19962 | Gauntlet | Reached XP level 15. HP: 90/90 MP: 15/15
 20588 | Lair:4   | Found a staircase to the Slime Pits.
 20598 | Lair:4   | Found a viscous altar of Jiyva.
 20952 | Lair:5   | Entered Level 5 of the Lair of Beasts
 21081 | Lair:5   | Identified the +3 ring mail "Foofoch" {rPois}
 21419 | Lair:5   | Reached ****** piety under Hepliaklqana
 21490 | Lair:5   | Reached skill level 5 in Shields
 22503 | Orc:1    | Entered Level 1 of the Orcish Mines
 22503 | Orc:1    | Noticed an orc warlord
 22930 | D:12     | Killed an orc warlord
 22931 | D:12     | Reached skill level 15 in Fighting
 23049 | Orc:1    | Found Puroys's Magic Scroll Boutique.
 23274 | Orc:2    | Entered Level 2 of the Orcish Mines
 23407 | Orc:2    | Reached XP level 16. HP: 97/97 MP: 16/16
 23538 | Orc:2    | Found Faopygaa's Antique Armour Shop.
 23661 | Orc:2    | Found Qioch's Assorted Antiques.
 23662 | Orc:2    | Found Manixeg's Weapon Boutique.
 23664 | Orc:2    | Found Ugar's General Store.
 23760 | Orc:2    | Found Loabuede's Antique Weapon Shop.
 23769 | Orc:2    | Bought a glowing rapier for 175 gold pieces
 23802 | Orc:2    | Found a staircase to the Elven Halls.
 24906 | D:13     | Found a gate to the Vaults.
 25295 | D:13     | Found Soesas's Jewellery Emporium.
 25309 | D:13     | Noticed Kirke
 25329 | D:13     | Killed Kirke
 26560 | D:14     | Found Diakhl Riutu's Jewellery Shop.
 26661 | D:14     | Noticed niangp's ghost (journeyman MiBe)
 26668 | D:14     | Found a runed translucent door.
 27242 | D:14     | Killed niangp's ghost
 27354 | D:15     | Entered Level 15 of the Dungeon
 27493 | D:8      | Bought a +0 buckler of cold resistance for 126 gold pieces
 27812 | D:15     | Noticed Roxanne
 27941 | D:15     | Found a staircase to the Depths.
 28168 | D:15     | Noticed Nessos
 28177 | D:15     | Killed Nessos
 28277 | D:15     | Killed Roxanne
 28511 | Spider:1 | Entered Level 1 of the Spider Nest
 28704 | Spider:1 | Reached XP level 17. HP: 103/103 MP: 17/17
 32749 | Spider:3 | Noticed Aizul
 32768 | Spider:3 | Killed Aizul
 33275 | Spider:4 | Entered Level 4 of the Spider Nest
 34229 | Spider:4 | Reached XP level 18. HP: 99/111 MP: 18/18
 34602 | Spider:4 | Got a gossamer rune of Zot
 35054 | Spider:4 | Noticed Arachne
 35797 | Shoals:1 | Entered Level 1 of the Shoals
 35868 | Shoals:1 | Reached skill level 10 in Shields
 36000 | Shoals:1 | Found Dazeaniq's Book Boutique.
 36697 | Shoals:2 | Noticed Polyphemus
 37278 | Shoals:2 | Killed Polyphemus
 37789 | Shoals:2 | Reached XP level 19. HP: 118/118 MP: 19/19
 38437 | Shoals:3 | Identified the +2 sling of Tipseddua {drain, rPois rN+
                  | Dex+3}
 39056 | Shoals:3 | Found Reopa's Book Shoppe.
 39365 | Shoals:4 | Entered Level 4 of the Shoals
 39597 | Shoals:4 | Got a barnacled rune of Zot
 39667 | Shoals:4 | Identified the ring of Jealousy {Ice Str+2 Int+4}
 41017 | Vaults:1 | Entered Level 1 of the Vaults
 41573 | Vaults:1 | Reached XP level 20. HP: 127/127 MP: 20/20
 42148 | Vaults:1 | Identified the +1 chain mail of the Charming Gods {Regen+
                  | Int+2}
 42615 | Abyss:2  | Cast into level 2 of the Abyss (a wizard)
 42922 | Abyss:2  | Found a corrupted altar of Lugonu.
 43032 | Vaults:1 | Escaped the Abyss
 43088 | Vaults:1 | Noticed Zenata
 43109 | Vaults:1 | Killed Zenata
 43825 | Vaults:1 | Reached XP level 21. HP: 135/135 MP: 21/21
 44655 | Vaults:2 | Got Deqo Yry's Atlas of the Allied Tesseract
 44696 | Vaults:2 | Found the +9 staff of Olgreb {rPois∞}
 44745 | Vaults:2 | Identified a scroll of acquirement
 44962 | Vaults:2 | Noticed Donald
 44976 | Vaults:2 | Killed Donald
 45085 | Vaults:2 | Noticed Asterion
 45102 | Vaults:2 | Killed Asterion
 46102 | Vaults:3 | You fall into a shaft and drop 1 floor!
 46231 | Vaults:4 | Noticed Bai Suzhen
 46248 | Vaults:4 | Killed Bai Suzhen
 46299 | Vaults:4 | Reached XP level 22. HP: 132/144 MP: 22/22
 47729 | Vaults:3 | Found a staircase to the Crypt.
 48331 | Vaults:3 | Found Gaupomysm's Armour Emporium.
 48394 | Vaults:3 | Got Meicoto's Lectures on the Figure and Dislocation
 48936 | Elf:1    | Entered Level 1 of the Elven Halls
 49196 | Elf:1    | Noticed Agnes
 49204 | Elf:1    | Killed Agnes
 49215 | Elf:1    | Found Joppeep's Armour Shoppe.
 49757 | Elf:2    | Found a crumbling gateway.
 49763 | Desolati | Entered the Desolation of Salt
 50001 | Desolati | Identified the +11 scimitar of Pyromania {drain, rF- Will++
                  | Str-4 Int+8}
 50007 | Desolati | Got the Collected Works on Damaging Spectres
 50008 | Desolati | Identified the +7 short sword of Vodka {venom, rCorr Dex+3}
 50039 | Desolati | Reached XP level 23. HP: 150/150 MP: 23/23
 50178 | Desolati | Identified the amulet "Jyoptoza" {RegenMP Rampage}
 50225 | Desolati | Identified the amulet "Anyretiwn" {Reflect rElec rC++ rN++
                  | SH+5}
 50242 | Desolati | Identified the +1 ring mail of Amelioration {rPois Int+4
                  | Dex-2}
 50245 | Desolati | Identified the +1 leather armour "Daoci" {rF- Slay+6}
 50387 | Desolati | Got the Guide on the Iceberg and Conflagration
 50394 | Desolati | Identified the ring of the Open Hand {Fly rN+ rCorr Int+5}
 50400 | Desolati | Got the Octavo of the Mutagenic Nimbus
 50402 | Desolati | Identified the ring "Mesiabex" {rN+ MP-9 Str+5}
 51505 | Elf:2    | Found a runed translucent gate.
 51506 | Elf:2    | Found a runed translucent gate.
 51506 | Elf:2    | Found a runed translucent gate.
 51999 | Elf:2    | Reached skill level 27 in Dodging
 52309 | Elf:3    | Entered Level 3 of the Elven Halls
 52348 | Elf:3    | Found Vuobeq's Assorted Antiques.
 52423 | Elf:3    | Noticed Nikola
 52424 | Elf:3    | Killed Nikola
 52435 | Elf:3    | Found Boyfic's Gadget Gallery.
 52878 | Elf:3    | Found a portal to a secret trove of treasure.
 53186 | Elf:3    | Reached XP level 24. HP: 109/160 MP: 23/23
 53191 | Abyss:3  | Cast into level 3 of the Abyss (a deep elf demonologist)
 53401 | Abyss:3  | Found a corrupted altar of Lugonu.
 53433 | Abyss:3  | Paralysed by you for 5 turns
 53549 | Abyss:3  | Found a corrupted altar of Lugonu.
 53629 | Elf:3    | Escaped the Abyss
 54147 | Elf:3    | Identified the +15 plate armour "Zubeow" {rN+ Dex+3}
 54705 | Elf:3    | Reached skill level 27 in Fighting
 54988 | Elf:3    | Identified the +5 great mace "Concordance" {protect, rElec
                  | SInv}
 55171 | Elf:3    | Identified the +1 ring mail of Proximity {Regen+ Str-5
                  | Dex+6 Slay+2}
 55182 | Elf:3    | Got the Discursus on Infection and Oxidation
 55258 | Elf:3    | Found the +5 demon whip "Spellbinder" {antimagic, disrupt,
                  | Will+}
 55262 | Elf:3    | Got Tesum's Almanac of Glacial Anathema
 55722 | Depths:1 | Entered Level 1 of the Depths
 56012 | Depths:1 | Found a runed translucent door.
 56080 | Depths:1 | Found a one-way gateway to a ziggurat.
 56658 | Depths:1 | Found a gateway to Hell.
 57183 | Depths:2 | Found a one-way gate leading to the halls of Pandemonium.
 57239 | Depths:2 | Found a one-way gate to the infinite horrors of the Abyss.
 57435 | Depths:2 | Reached XP level 25. HP: 168/168 MP: 23/23
 57811 | Depths:2 | Noticed a juggernaut
 57822 | Depths:2 | Noticed a caustic shrike
 57823 | Depths:2 | Killed a juggernaut
 57838 | Depths:2 | Killed a caustic shrike
 58658 | Depths:3 | Found Big Baal Hell's Store.
 59563 | Depths:3 | Noticed a juggernaut
 59579 | Depths:3 | Killed a juggernaut
 59711 | Depths:4 | Entered Level 4 of the Depths
 60095 | Depths:4 | Reached XP level 26. HP: 173/173 MP: 23/23
 60435 | Depths:4 | Noticed Mennas
 60475 | Depths:4 | Killed Mennas
 60609 | Depths:4 | HP: 8/173 [poisoned by a green draconian (poison gas)]
 60730 | Depths:4 | HP: 7/173 [poison (poison gas)]
 60733 | Depths:4 | HP: 3/173 [poison (poison gas)]
 60968 | Depths:4 | Identified the amulet "Vuruh" {Reflect Regen+ Dex+5 SH+5}
 61375 | Depths:4 | Found a hide-covered altar of Uskayaw.
 61857 | Depths:4 | Found a gate to the Realm of Zot.
 62576 | Vaults:5 | Entered Level 5 of the Vaults
 62624 | Vaults:4 | Reached skill level 15 in Shields
 62771 | Vaults:5 | Noticed an ancient lich
 63220 | Vaults:4 | Killed an ancient lich
 63636 | Vaults:5 | Reached XP level 27. HP: 166/179 MP: 23/23
 63738 | Vaults:5 | Got a silver rune of Zot
 64156 | Vaults:5 | Identified the +8 arbalest of Compound Interest {heavy,
                  | rPois}
 64374 | Vaults:5 | Identified the +1 glaive of the Shark {vamp, rN+ Dex-4
                  | Stlth+}
 64379 | Vaults:5 | Found the +10 zealot's sword {holy, Zealotry, *Rage rN+
                  | EV+3}
 65133 | Crypt:1  | Entered Level 1 of the Crypt
 65438 | Crypt:1  | Noticed Margery
 65937 | Vaults:3 | Killed Margery
 66660 | Crypt:1  | Identified the +7 halberd of a Million Ziggurats {drain,
                  | *Slow Will+ Dex+2}
 67453 | Crypt:2  | Noticed Frederick
 67469 | Crypt:2  | Killed Frederick
 67730 | Crypt:3  | Entered Level 3 of the Crypt
 68385 | Crypt:3  | Found a staircase to the Tomb.
 68411 | Crypt:3  | Identified the ring "Hodetism" {Ice Str+2 Dex+3}
 68812 | Crypt:3  | Found an ancient bone altar of Kikubaaqudgha.
 69167 | Crypt:3  | Got Kikubaaqudgha's Compendium of Mortification
 69170 | Crypt:3  | Identified the ring of Cobag {Str+6 Int+4}
 69988 | Tomb:1   | Entered Level 1 of the Tomb of the Ancients
 70989 | Hell     | Entered the Vestibule of Hell
 70989 | Hell     | Noticed Geryon
 71272 | Hell     | Killed Geryon
 71362 | Hell     | Acquired 649 gold pieces
 71364 | Hell     | Acquired 1245 gold pieces
 71440 | Hell     | Found a gateway to the decaying netherworld of Tartarus.
 71469 | Hell     | Reached skill level 27 in Stealth
 71614 | Hell     | Found a gateway to the freezing wastes of Cocytus.
 71712 | Hell     | Found a gateway to the Iron City of Dis.
 71890 | Hell     | Found a gateway to the ashen valley of Gehenna.
 71932 | Hell     | Reached skill level 27 in Short Blades
 72172 | Depths:3 | Bought the ring "Mapheps" {rF+++ Will++ rCorr Str+2 Slay+2}
                  | for 5847 gold pieces
 72265 | Zot:1    | Entered Level 1 of the Realm of Zot
 72529 | D:10     | Bought the +8 falchion of Bitegoal {speed, rPois rF+ rC-
                  | Will+} for 921 gold pieces
 73103 | Zot:1    | You are sucked into a shaft and drop 1 floor!
 73502 | Zot:1    | Noticed an orb of fire
 73518 | Zot:1    | Killed an orb of fire
 73689 | Zot:1    | Killed from afar by a golden dragon

Illustrated notes

Levels and vault maps discovered:
D:1:      lightli_arrival_noodles, layout_rooms, shapermc_ecumenical_altar_venn
D:2:      layout_loops_ring
D:3:      layout_basic, portal_sewer_entry_f
D:4:      layout_basic, minivault_25, serial_bayou_pond_b
D:5:      kennysheep_six_static_rooms, layout_basic, jmf_multi_god_temple2,
          minmay_temple_entry_sparse_star, nicolae_ossuary_entry_giza,
          uniq_ijyb, uniq_sigmund
D:6:      layout_rooms, glass_columns_b, minmay_misc_feat_encased
D:7:      layout_basic, uniq_pikel, uniq_prince_ribbit1, uniq_joseph
D:8:      layout_cave_pools, serial_shops, shop, hangedman_decor_opposing
D:9:      layout_rooms, uniq_maurice
D:10:     layout_irregular_city, hellmonk_lair_entry_icy, serial_shops, shop
D:11:     layout_loops_ring, minmay_three_doors, uniq_amaemon, uniq_lodul
D:12:     lemuel_vampire_tower, layout_long_grid
D:13:     layout_cave_pools, erik_vaults_1, serial_shops, shop, uniq_kirke
D:14:     layout_cave_pods, chequers_serial_rivers_micro_b, serial_shops,
          shop_statue, hellmonk_ghost_happy_afterlife
D:15:     hangedman_depths_entry_civil_slaughter, layout_rooms,
          hangedman_decor_points, uniq_nessos, uniq_roxanne
Temple:   mainiacjoe_temple_big_plus
Lair:1:   layout_concentric_octagons, chequers_serial_rivers_room_a,
          lemuel_fruit_tree
Lair:2:   layout_gridlike, elwin_shoals_entry_rooms,
          chequers_serial_rivers_small_a, grunt_megastairs_5,
          infiniplex_staircase_pool
Lair:3:   lemuel_reptile_caves, layout_big_grid,
          nicolae_spider_entry_non_spiders, serial_bayou_shore_b
Lair:4:   layout_roguey, nicolae_slime_entry_field_trip, gauntlet_entry_generic,
          serial_bayou_ford_a
Lair:5:   gammafunk_lair_ancient_temple, layout_regular_city
Shoals:1: layout_shoals, serial_shops, shop
Shoals:2: cheibrodos_shoals_three_sisters, layout_shoals, uniq_polyphemus
Shoals:3: layout_shoals, serial_shops, nicolae_shop_statue_plus,
          nicolae_shoals_water_booths
Shoals:4: shoals_end_simple, layout_shoals, nicolae_shoals_lost_giant_hut
Spider:1: layout_chambers
Spider:2: layout_spider_delve, drop_trap
Spider:3: layout_spider_delve, nicolae_orb_stairs, uniq_aizul
Spider:4: johnstein_spider_rune_arachne_lair, spiders_nest_hornet_nest,
          hangedman_spider_tarantella_strand
Orc:1:    layout_caves, serial_shops, nicolae_shop_waterfront,
          nicolae_orc_rockfall
Orc:2:    st_orc_mages, layout_caves, serial_shops, nicolae_shop_stone,
          basic_altar
Elf:1:    elf_arrival_002, layout_gridlike,
          hangedman_elven_crosses_minicolossus, minmay_shop_grid_forest,
          amethyst_killhole, nicolae_elf_m_pinch, uniq_agnes
Elf:2:    nicolae_elf_blades_crystal_corner, layout_loops_corners,
          portal_desolation_entry_nicolae_slug
Elf:3:    minmay_elf_hall_four_x, layout_rooms, serial_shops, shop,
          enter_trove_3, moated_statue, nicolae_shop_gadgets, uniq_nikola
Vaults:1: v_rooms_2, vaults_dpeg_spiral, st_smaller_cells,
          nicolae_vaults_network_star, hangedman_vaults_corner_blocks,
          ontoclasm_vaults_twist, vaults_room_corners,
          nicolae_vaults_network_periphery, nicolae_vaults_what_the_h,
          nicolae_vaults_asterisk, hangedman_vaults_restitches,
          nicolae_vaults_ring_of_whatevers, nicolae_vaults_asterisk,
          layout_vaults_omnigrid, uniq_zenata
Vaults:2: st_cells, hangedman_vaults_maws, nicolae_vaults_little_squares_3,
          nicolae_vaults_yaktaur_gun_rack, nicolae_vaults_disjoint_gnomons,
          vaults_dpeg_diagonal, vaults_mumra_hexcomb, vaults_room_fours,
          layout_vaults_omnicross, uniq_donald, uniq_asterion
Vaults:3: hangedman_vaults_unwind, hangedman_vaults_corner_blocks,
          ontoclasm_vaults_gateway, v_misc_30, v_rooms_4,
          dpeg_vaults_monster_box, v_misc_5, v_misc_33, layout_vaults_big_room,
          dummy_crypt_entry
Vaults:4: v_misc_33, v_rooms_3, v_pattern_4, nicolae_vaults_border_crossing,
          st_cells, v_misc_25, v_alt_pattern_3, layout_vaults_omnibox,
          uniq_bai_suzhen
Vaults:5
Crypt:1:  layout_rooms, uniq_margery
Crypt:2:  layout_gridlike, serial_corexii_hall, corexii_hall_statues_x,
          corexii_hall_statues_l, uniq_frederick
Crypt:3:  church_of_pain_bobbens, layout_chaotic_city
Tomb:1
Depths:1: layout_small_grid, enter_ziggurat_f, minmay_misc_feat_four_crosses,
          grunt_hell_entry_dis_grunt, lightli_gold_pyramid
Depths:2: cheibrodos_salmonella, layout_gridlike, abyss_entry, pan_entry,
          grunt_decor_arrowhead, hell_entry, infiniplex_staircase_pillars_3a,
          grunt_megastairs_3, serial_bayou_shore_a
Depths:3: evilmike_inaccessible_box, layout_long_grid,
          hangedman_abyss_entry_splay, chequers_serial_rivers_micro_c,
          nicolae_hell_entry_big_baal_hell, chequers_serial_rivers_marsh,
          nzn_random_ring
Depths:4: lemuel_castle_with_subvaults [lemuel_castle_interior_carwin_1],
          layout_cave_pools, nicolae_uskayaw_dance_hall, hell_entry, uniq_mennas
Hell
Zot:1:    layout_basic, lemuel_golem_globe
Zot:2:    gammafunk_sealed_library, layout_misc_corridors

Skill      XL: |  1  2  3  4  5  6  7  8  9 10 11 12 13 14 15 16 17 18 19 20 21 22 23 24 25 26 27 |
---------------+----------------------------------------------------------------------------------+-----
Short Blades   | 3 4 5 6 7 8 10 12 13 15 16 17 18 19 21 23 27 | 27.0
Dodging        | 2 3 4 5 6 7 9 11 12 13 15 16 17 18 20 22 23 25 26 27 | 27.0
Fighting       | 3 4 5 6 7 9 10 11 12 14 15 16 17 19 20 22 23 24 26 27 | 27.0
Stealth        | 6 7 8 9 10 12 13 15 16 17 19 21 23 27 | 27.0
Shields        | 3 5 7 9 10 12 14 15 19 | 19.9
Throwing       | |  2.1

Action                     |  1- 3 |  4- 6 |  7- 9 | 10-12 | 13-15 | 16-18 | 19-21 | 22-24 | 25-27 || total
---------------------------+-------+-------+-------+-------+-------+-------+-------+-------+-------++-------
  Melee: Dagger            |    89 |   226 |   418 |   647 |  1163 |  1400 |   446 |       |       ||  4389
         Punch             |       |     1 |     8 |    11 |    17 |     4 |       |       |       ||    41
         Rapier            |       |       |       |       |       |       |   993 |  1482 |  2986 ||  5461
 Invoke: Recall Ancestor   |       |       |     1 |     1 |       |     2 |     3 |       |     3 ||    10
         Ancestor Life: He |       |       |       |     1 |       |       |       |       |       ||     1
         Transference      |       |       |       |       |     1 |       |       |       |       ||     1
    Use: Scroll            |       |     6 |     2 |       |    24 |     9 |     4 |     7 |    10 ||    62
         Potion            |       |     5 |     1 |       |     2 |     5 |       |     4 |     5 ||    22
   Stab: Sleeping          |    11 |    30 |    34 |    14 |    62 |    42 |    30 |    23 |    30 ||   276
         Distracted        |       |     1 |     1 |    13 |    25 |    37 |    21 |    30 |    84 ||   212
         Confused          |       |       |       |    12 |    28 |    54 |    78 |    64 |   174 ||   410
         Invisible         |       |       |       |       |     2 |       |       |       |       ||     2
         Paralysed         |       |       |       |       |    23 |    59 |    55 |    40 |    80 ||   257
         Petrified         |       |       |       |       |       |       |       |     1 |       ||     1
 Armour: Robe              |    29 |    47 |    57 |       |       |       |       |       |       ||   133
         Leather armour    |       |       |     4 |    58 |   104 |   101 |    41 |    25 |       ||   333
         Ring mail         |       |       |       |       |       |       |       |     2 |   102 ||   104
  Dodge: Dodged            |   104 |   139 |   240 |   313 |   735 |  1219 |   739 |   577 |  1351 ||  5417
  Block: Other             |       |    43 |    70 |    84 |   138 |    56 |       |       |       ||   391
         Reflection        |       |       |       |     1 |     2 |     1 |     3 |    62 |    19 ||    88
         Buckler           |       |       |       |       |       |   307 |   239 |       |       ||   546
         Kite shield       |       |       |       |       |       |       |   104 |   579 |  1817 ||  2500

Table legend: (Time is in decaauts)
 A = Elapsed time spent in this place.
 B = Non-inter-level travel time spent in this place.
 C = Inter-level travel time spent in this place.
 D = Time resting spent in this place.
 E = Time spent auto-exploring this place.
 F = Levels seen in this place.
 G = Mean time per level.
                   A        B        C        D        E       F      G
               +--------+--------+--------+--------+--------+-----+--------+
         Total |  69424 |  63987 |   5437 |  11180 |  39362 |  56 | 1239.7 |
       Dungeon |  18984 |  17003 |   1981 |   2556 |  11233 |  15 | 1265.6 |
        Temple |    577 |    540 |     37 |      0 |    421 |   1 |  577.0 |
          Lair |   6267 |   5733 |    534 |    392 |   4208 |   5 | 1253.4 |
        Shoals |   5359 |   5079 |    280 |    822 |   3167 |   4 | 1339.8 |
   Spider Nest |   6934 |   6760 |    174 |   2058 |   3635 |   4 | 1733.5 |
  Orcish Mines |   1693 |   1503 |    190 |     15 |   1181 |   2 |  846.5 |
   Elven Halls |   5067 |   4829 |    238 |   1503 |   2467 |   3 | 1689.0 |
        Vaults |   9780 |   8710 |   1070 |   2000 |   5083 |   5 | 1956.0 |
         Crypt |   3376 |   3153 |    223 |    396 |   1814 |   3 | 1125.3 |
          Tomb |    628 |    582 |     46 |      0 |    431 |   1 |  628.0 |
        Depths |   6763 |   6129 |    634 |   1060 |   3813 |   4 | 1690.8 |
          Hell |    689 |    664 |     25 |     61 |    344 |   1 |  689.0 |
           Zot |    680 |    680 |      0 |     91 |    338 |   2 |  340.0 |
         Abyss |    703 |    703 |      0 |     12 |    462 |   2 |  351.5 |
         Sewer |    203 |    203 |      0 |      0 |    155 |   1 |  203.0 |
       Ossuary |    328 |    328 |      0 |    115 |     79 |   1 |  328.0 |
    Desolation |    744 |    744 |      0 |     21 |    257 |   1 |  744.0 |
      Gauntlet |    642 |    642 |      0 |     77 |    271 |   1 |  642.0 |
               +--------+--------+--------+--------+--------+-----+--------+

Top non-repeatable levels by time:
   Elf:3: 2606 daAuts
Depths:4: 2331 daAuts
Vaults:1: 2287 daAuts
Vaults:4: 2230 daAuts
     D:5: 2088 daAuts
Spider:4: 2074 daAuts
Vaults:3: 2051 daAuts
Vaults:2: 1907 daAuts
    D:12: 1885 daAuts
    D:13: 1793 daAuts
Spider:2: 1782 daAuts
  Lair:3: 1746 daAuts
Depths:1: 1700 daAuts
   Elf:2: 1664 daAuts
Shoals:2: 1637 daAuts
